 Dungeon Crawl Stone Soup version 0.20.0-8-g6b59dc7 (webtiles) character file.

43 Gorglomux the Skirmisher (level 3, -4/23 HPs)
             Began as a Gargoyle Gladiator on May 30, 2017.
             Slain by Sigmund
             ... wielding a +0 scythe
              (8 damage)
             ... on level 2 of the Dungeon.
             The game lasted 00:00:39 (1066 turns).

Gorglomux the Skirmisher (Gargoyle Gladiator)       Turns: 1066, Time: 00:00:40

Health: -4/23      AC:  7    Str: 17    XL:     3   Next: 58%
Magic:  3/3        EV: 12    Int:  8    God:
Gold:   109        SH:  0    Dex: 12    Spells: 2/2 levels left

rFire    . . .     SeeInvis .   a - +0 quarterstaff
rCold    . . .     Gourm    .   (shield currently unavailable)
rNeg     + . .     Faith    .   b - +0 leather armour
rPois    ∞         Spirit   .   c - +0 helmet
rElec    +         Reflect  .   (no cloak)
rCorr    .         Harm     .   (no gloves)
MR       .....                  (no boots)
Stlth    +.........             W - amulet of magic regeneration
Regen    0.1/turn               (no ring)
MPRegen  0.2/turn               (no ring)

@: no status effects
A: negative energy resistance 1, electricity resistance, unbreathing,
petrification resistance, rot immunity, AC +3
a: no special abilities


You were on level 2 of the Dungeon.
You were hungry.

You visited 1 branch of the dungeon, and saw 2 of its levels.

You collected 109 gold pieces.

Inventory:

Hand Weapons
 a - a +0 quarterstaff (weapon)
Missiles
 Z - 3 throwing nets (quivered)
Armour
 b - a +0 leather armour (worn)
 c - a +0 helmet (worn)
Jewellery
 W - an amulet of magic regeneration (around neck)
Scrolls
 V - a scroll of enchant weapon {unknown}
 X - 2 scrolls of remove curse {unknown}
Potions
 Q - a potion of curing
 T - a potion of brilliance {unknown}
Comestibles
 f - a bread ration
 U - a royal jelly
 Y - 3 chunks of flesh


   Skills:
 + Level 3.6 Fighting
 + Level 3.5 Staves
 - Level 1.7 Throwing
 - Level 2.4 Dodging


You had 2 spell levels left.
You didn't know any spells.

Dungeon Overview and Level Annotations

Branches:
Dungeon (2/15)

Altars:

Annotations:
D:2 1 runed door, Sigmund


Innate Abilities, Weirdness & Mutations

You are resistant to torment.
Your stone body is resilient. (AC +3)
You are immune to poison.
You resist negative energy. (rN+)
You are resistant to electric shocks. (rElec)
You can survive without breathing.
You are immune to petrification.
You are immune to rotting.


Message History

The goblin closely misses you. Sigmund closely misses you.
You closely miss Sigmund.
Sigmund is severely wounded.
The goblin barely misses you.
Sigmund mumbles some strange words.
Sigmund flickers and vanishes!
Deactivating autopickup; reactivate with Ctrl-A.
The goblin misses you.
You closely miss something. Something hits you. The goblin hits you.
You hit something but do no damage. The goblin completely misses you.
You completely miss something. Something hits you.
* * * LOW HITPOINT WARNING * * *
The goblin barely misses you.
Unknown command.
You barely miss something. Something hits you.
* * * LOW HITPOINT WARNING * * *
The goblin closely misses you.
Unknown command.
You sock something! The goblin hits you but does no damage. Something hits you!
You die...

#.... .. #..
########.##.... #.# #.P
..........#....###.# #P.
..........#.....##.###..
..........#<....##.##...
..........#.....##.##...
..........#.....##......
......g...#####.##......
......{@..$........##...
..........#####..(..#.P.
%.........# #..#..##..
.................#...#..
....#####........#...#..
.... #........#...#..
### ########.#...##.
#.#....#. #....##


You could see a goblin.

Vanquished Creatures
  2 oozes (D:1)
  2 dart slugs (D:1)
  2 leopard geckos
  A ball python (D:1)
  2 giant cockroaches (D:1)
  2 goblins (D:1)
  4 hobgoblins (D:1)
  6 kobolds
  4 frilled lizards (D:1)
  4 rats
29 creatures vanquished.

Notes
Turn   | Place    | Note
-------+----------+-------------------------------------------
     0 | D:1      | Gorglomux the Gargoyle Gladiator began the quest for the Orb.
     0 | D:1      | Reached XP level 1. HP: 12/12 MP: 1/1
    55 | D:1      | Reached XP level 2. HP: 14/18 MP: 2/2
   188 | D:1      | Reached skill level 3 in Fighting
   293 | D:1      | Reached XP level 3. HP: 22/23 MP: 3/3
   934 | D:2      | Found a runed door.
  1005 | D:2      | Found a faded altar of an unknown god.
  1047 | D:2      | Noticed Sigmund
  1066 | D:2      | Slain by Sigmund

Skill      XL: |  1  2 |
---------------+-------+-----
Fighting       | 3 |  3.6
Staves         | |  3.5
Throwing       | |  1.7
Dodging        | |  2.4

Action                   || total
-------------------------++-------
Melee: Quarterstaff      ||    73
  Use: Potion            ||     2
Armor: Leather armour    ||    29
Dodge: Dodged            ||    40
